 Dungeon Sprint DCSS version 0.24-a0-170-gd8427f5 (webtiles) character file.

Game seed: 3838871704836701458

35 Dfrag the Covered (level 3, -3/36 HPs)
             Began as a Deep Dwarf Fighter on Mar 10, 2019.
             Slain by a worker ant (5 damage)
             ... in the Dungeon (Sprint IV: "Fedhas' Mad Dash").
             The game lasted 00:00:15 (124 turns).

Dfrag the Covered (Deep Dwarf Fighter)               Turns: 124, Time: 00:00:16

Health: -3/36      AC:  3    Str: 20    XL:     3   Next: 16%
Magic:  3/3        EV:  7    Int:  8    God:
Gold:   0          SH: 10    Dex: 12    Spells: 2/2 levels left

rFire    . . .     SeeInvis .   a - +0 war axe
rCold    . . .     Gourm    .   c - +0 shield
rNeg     . . .     Faith    .   b - +0 scale mail
rPois    .         Spirit   .   (no helmet)
rElec    .         Reflect  .   (no cloak)
rCorr    .         Harm     .   (no gloves)
MR       .....     NoTele   +   (no boots)
Stlth    ..........             (no amulet)
HPRegen  0.00/turn              (no ring)
MPRegen  0.08/turn              (no ring)

@: corroded, non-regenerating
A: damage resistance, heal wounds, sense surroundings 1, no regeneration
a: Heal Wounds


You were in the Dungeon.
You were not hungry.

You visited 1 branch

Inventory:

Hand Weapons
 a - a +0 war axe (weapon)
Armour
 b - a +0 scale mail (worn)
 c - a +0 shield (worn)
Scrolls
 k - a scroll of blinking
 l - a scroll of remove curse {unknown}
Potions
 d - a potion of might
 e - a potion of curing
 g - a potion of heal wounds
 h - a potion of haste
 i - 2 potions of magic
 j - a potion of berserk rage
Comestibles
 f - a ration


   Skills:
 + Level 4.1 Fighting
 + Level 3.1 Axes
 + Level 5.0 Armour
 + Level 5.0 Shields


You had 2 spell levels left.
You didn't know any spells.
Your spell library was empty.

Dungeon Overview and Level Annotations

Branches:
Dungeon (1/1)

Altars:


Innate Abilities, Weirdness & Mutations

You are resistant to damage.
You can heal yourself by infusing magical energy.
You passively map a small area around you.
You do not regenerate.


Message History

Your Axes skill increases to level 3!
Your Armour skill increases to level 5!
Your Shields skill increases to level 5!
You have reached level 3!
Your experience leads to an increase in your attributes!
Increase (S)trength, (I)ntelligence, or (D)exterity?
You feel stronger.
Unknown command.
Found 14 gold pieces and 9 poisoned needles.
A worker ant comes into view.
The worker ant twitches its antennae in your direction.
Found the amulet of invisibility {+Inv}.
You see here 6 gold pieces.
The worker ant bites you.
* * * LOW HITPOINT WARNING * * *
You see here 11 gold pieces.
You hit the worker ant but do no damage.
You block the worker ant's attack. x2
You hit the worker ant but do no damage.
The worker ant bites you.
You die...

##################
#<..P#.†...#.$@$$#
_ ,
#PP..'.†...'.#a(.+
_ _
#PPPP#.....#.#"..#
###############+##
, , , ,, ,, , , ,
,,, , , , ** * *
+* * ,, , * +


You could see a worker ant.

Vanquished Creatures
  An oklob sapling (D)
  A river rat (D)
  A rat (D)
3 creatures vanquished.

Notes
Turn   | Place    | Note
-------+----------+-------------------------------------------
     0 | D        | Dfrag the Deep Dwarf Fighter began the quest for the Orb.
     0 | D        | Reached XP level 1. HP: 20/20 MP: 1/1
     9 | D        | Reached XP level 2. HP: 25/28 MP: 2/2
   115 | D        | Noticed an oklob sapling
   118 | D        | Killed an oklob sapling
   118 | D        | Reached skill level 5 in Armour
   118 | D        | Reached skill level 5 in Shields
   118 | D        | Reached XP level 3. HP: 4/36 MP: 3/3
   122 | D        | Found the amulet of invisibility {+Inv}
   124 | D        | Slain by a worker ant

Levels and vault maps discovered:
D:        dungeon_sprint_fedhas [sprint_temple]

Skill      XL: |  1  2 |
---------------+-------+-----
Fighting       | 3 4 |  4.1
Armour         | 4 5 |  5.0
Shields        | 4 5 |  5.0
Axes           | 3 |  3.1

Action                   || total
-------------------------++-------
Melee: War axe           ||     8
Dodge: Dodged            ||     1
Block: Shield            ||     4

Table legend:
 A = Non-vault XP
 B = Vault XP
 C = Vault XP percentage of total XP
 D = Non-vault monster count
 E = Vault monster count
 F = Vault count percentage of total count
                 A         B        C        D         E       F
            +---------+---------+-------+---------+---------+-------
      Total |       0 |      50 | 100.0 |       0 |       3 | 100.0
            +---------+---------+-------+---------+---------+-------
          D |       0 |      50 | 100.0 |       0 |       3 | 100.0
            +---------+---------+-------+---------+---------+-------
